 Dungeon Crawl Stone Soup version 0.27-a0-808-g60bc5d92e6 (webtiles) character file.

Game seed: 15304410720323626859

5240 HoaS the Thaumaturge (level 10, -24/60 HPs)
             Began as a Djinni Ice Elementalist on Mar 27, 2021.
             Was an Initiate of Makhleb.
             Annihilated by an ice devil (27 damage)
             ... summoned by a kobold demonologist
             ... on level 9 of the Dungeon on Mar 28, 2021.
             The game lasted 00:42:46 (12178 turns).

HoaS the Thaumaturge (Djinni Ice Elementalist)     Turns: 12178, Time: 00:42:47

Health: -24/60     AC: 20    Str:  7    XL:     10   Next: 61%
Gold:   465        EV: 15    Int: 20    God:    Makhleb [......] SH:  4 Dex: 14

rFire    + + .     SeeInvis +   A - +3 dagger (protect)
rCold    x . .     Faith    .   i - +0 buckler
rNeg     . . .     Spirit   .   e - +3 leather armour
rPois    ∞         Reflect  .   (no helmet)
rElec    .         Harm     .   B - +2 cloak
rCorr    .         Rampage  .   (no gloves)
Will     +....                  (boots unavailable)
Stlth    ++........             (no amulet)
HPRegen  0.20/turn              p - +4 ring of protection
MPRegen  0.00/turn              r - ring of see invisible

@: ice-armoured, about to teleport, frozen ramparts, flying
A: fire resistance 2, cold vulnerability 1, float, innate caster, hp casting,
extra vitality 1
a: Renounce Religion


You were on level 9 of the Dungeon.
You worshipped Makhleb.
Makhleb was noncommittal.
You visited 2 branches of the dungeon, and saw 10 of its levels.

You collected 465 gold pieces.

Inventory:

Hand Weapons
 g - a +3 mace of venom
 A - a +3 dagger of protection (weapon)
Armour
 a - the +18 shield of the Gong {rElec rN+ Will+ EV-5}
   (You found it on level 6 of the Dungeon)

   It affects your evasion (-5).
   It insulates you from electricity.
   It protects you from negative energy.
   It affects your willpower, your defense against some magical effects.
 e - a +3 leather armour (worn)
 i - a +0 buckler (worn)
 B - a +2 cloak (worn)
Jewellery
 p - a +4 ring of protection (left hand)
 r - a ring of see invisible (right hand)
 w - a ring of fire
Wands
 j - a wand of charming (17)
 m - a wand of random effects (26)
 n - a wand of iceblast (12)
 s - a wand of paralysis (7)
 u - a wand of acid (10)
 x - a wand of polymorph (10)
 y - a wand of mindburst (16)
Scrolls
 c - a scroll of teleportation
 q - 4 scrolls of fog
Potions
 b - 3 potions of haste
 d - 2 potions of attraction
 f - a potion of flight {unknown}
 h - a potion of might {unknown}
 k - 2 potions of brilliance {unknown}
 l - 2 potions of heal wounds {unknown}
 o - 2 potions of resistance {unknown}
 t - a potion of mutation {unknown}
 v - 3 potions of curing
 z - 2 potions of invisibility {unknown}


   Skills:
 + Level 10.0 Dodging
 - Level 1.5 Stealth
 + Level 2.0 Shields
 * Level 10.9 Spellcasting


You had 6 spell levels left.
You knew the following spells:

 Your Spells              Type           Power      Damage    Failure   Level
a - Freeze                Ice            100%       1d11      1%          1
b - Frozen Ramparts       Ice            100%       1d12      1%          3
c - Ozocubu's Armour      Ice            53%        N/A       1%          3
d - Hailstorm             Conj/Ice       53%        3d12      1%          4
e - Summon Ice Beast      Ice/Summ       53%        N/A       1%          4
f - Foxfire               Conj/Fire      100%       2x1d9     1%          1
g - Slow                  Hex            53%        N/A       1%          2
h - Call Canine Familiar  Summ           53%        N/A       1%          3
i - Gell's Gravitas       Tloc           26%        N/A       1%          3
Your spell library was empty.

Dungeon Overview and Level Annotations

Branches:
Dungeon (9/15)             Temple (1/1) D:4
   Lair: D:8-11         Orc: D:9-12

Altars:
Ashenzari
Cheibriados
Dithmenos
Elyvilon
Fedhas
Gozag
Hepliaklqana
Kikubaaqudgha
Makhleb
Nemelex Xobeh
Okawaru
Qazlal
Ru
Sif Muna
Trog
Vehumet
Wu Jian
Xom
Yredelemnul
Zin
The Shining One


Innate Abilities, Weirdness & Mutations

You are immune to poison.
Your flesh is very heat resistant. (rF++)
You are vulnerable to cold. (rC-)
You float through the air rather than walking.
You learn spells naturally, not from books.
Your magical power is your life essence.
You have superior vitality. (+4 HP)


Message History

The foxfire hits the ice devil.
The ice devil is burned terribly!
The ice devil is moderately wounded.
The foxfire hits the ice devil.
The ice devil is burned terribly!
The ice devil is moderately wounded.
The foxfire hits the ice devil but does no damage.
The ice devil is moderately wounded.
The foxfire hits the white imp.
The white imp is lightly wounded.
The white imp resists.
The wall freezes the white imp.
The ice devil completely resists.
The wall freezes the ice devil but does no damage.
The frozen ramparts melt away.
The white imp barely misses you.
Casting: Foxfire (safe; 1% risk of failure)
Confirm with . or Enter, or press ? or * to list all spells.
Casting: Frozen Ramparts (safe; 1% risk of failure)
Press: ? - help, Dir - look around, f - activate The walls around you are covered in ice.
The white imp completely resists.
The wall freezes the white imp but does no damage.
The white imp hits you but does no damage.
The ice devil completely resists.
The wall freezes the ice devil but does no damage.
You block the ice devil's attack.
The wall freezes the kobold.
The wall freezes the kobold demonologist.
Casting: Frozen Ramparts (safe; 1% risk of failure)
Confirm with . or Enter, or press ? or * to list all spells.
A film of ice covers your body!
The ice devil completely resists.
The wall freezes the ice devil but does no damage.
The ice devil hits you! The ice devil freezes you!!
You feel a terrible chill!
* * * LOW HITPOINT WARNING * * *
The white imp resists.
The wall freezes the white imp.
The white imp closely misses you.
The wall freezes the kobold.
The wall freezes the kobold demonologist!
As you read the scroll of teleportation, it crumbles to dust.
You feel strangely unstable.
The ice devil completely resists.
The wall freezes the ice devil but does no damage.
The ice devil hits you!
* * * LOW HITPOINT WARNING * * *
The ice devil freezes you!!
You feel a terrible chill!
You die...

##....##'##......≈≈≈≈≈≈.#..##....
.....##..####'##.≈≈≈≈≈..#..#####.
.....#........#...P≈≈≈.........#.
.....#........#..≈≈P≈≈P........+.
.....######...##..≈≈≈≈≈.##+#####.
........ ######..P≈≈≈≈..........
........ #.P≈≈≈≈#..........
......... #..#≈≈≈#..........
......... #@.#≈≈≈#..........
..>..... #54##≈≈#..........
KK###≈≈#........## )).#
≈##....>..# ....# #.......#
.....# #.......# ......# .......#


You could see an ice devil (summoned), a kobold demonologist, a white imp
(summoned) and a kobold.

Vanquished Creatures
  Joseph (D:8)
  Maurice (D:8)
  The ghost of banchobear the Ducker, a novice HuMo of Fedhas (D:6)
  A hornet (D:7)
  2 wyverns
  8 yaks
  A steam dragon (D:9)
  An acid dragon (D:8)
  A water moccasin (D:5)
  2 sky beasts
  2 orc warriors
  A centaur (D:9)
  An ogre (D:5)
  2 kobold brigands
  2 gnoll sergeants
  A bullfrog (D:8)
  A wyvern zombie (D:7)
  A water moccasin skeleton (D:4)
  4 scorpions
  3 killer bees (D:8)
  3 electric eels (D:9)
  3 wights (D:7)
  A bullfrog zombie (D:7)
  A centaur zombie (D:8)
  A jelly (D:5)
  3 hounds
  4 orc priests
  Crazy Yiuf (D:3)
  2 iguanas (D:6)
  3 orc wizards
  3 adders
  9 gnolls
  A river rat (D:3)
  A shadow imp (D:5)
  A white imp (D:7)
  A worm (D:3)
  2 dart slugs
  21 orcs
  5 bats
  3 bat zombies (D:7)
  4 endoplasms
  13 giant cockroaches
  7 hobgoblins
  3 jackals (D:5)
  7 quokkas
  8 ball pythons
  A frilled lizard (D:3)
  9 goblins
  13 kobolds
  6 rats
  2 rat zombies (D:7)
179 creatures vanquished.

Vanquished Creatures (collateral kills)
  An ice beast (D:7)
  A bullfrog (D:9)
  An orc (D:9)
3 creatures vanquished.

Vanquished Creatures (others)
  An orc (D:7)
  123 foxfires
  4 plants (D:9)
128 creatures vanquished.

Grand Total: 310 creatures vanquished

Notes
Turn   | Place    | Note
-------+----------+-------------------------------------------
     0 | D:1      | HoaS the Djinni Ice Elementalist began the quest for the
                  | Orb.
     0 | D:1      | Reached XP level 1. HP: 15/15 MP: 0/0
   175 | D:1      | Reached XP level 2. HP: 13/21 MP: 0/0
   864 | D:2      | Found an iron altar of Okawaru.
   967 | D:2      | Reached XP level 3. HP: 23/25 MP: 0/0
   967 | D:2      | Learned a level 1 spell: Foxfire
  1034 | D:2      | Found an opulent altar of Gozag.
  1404 | D:2      | Reached XP level 4. HP: 18/31 MP: 0/0
  1618 | D:2      | Found an iron altar of Okawaru.
  1985 | D:3      | Noticed a gnoll sergeant
  2305 | D:3      | Reached XP level 5. HP: 33/35 MP: 0/0
  2305 | D:3      | Learned a level 2 spell: Slow
  2500 | D:3      | Found a runed translucent door.
  2501 | D:3      | Noticed Crazy Yiuf
  2790 | D:3      | Reached skill level 5 in Spellcasting
  2868 | D:3      | Reached XP level 6. HP: 11/40 MP: 0/0
  3515 | D:3      | Killed Crazy Yiuf
  3992 | D:4      | Found a staircase to the Ecumenical Temple.
  4001 | D:4      | Reached skill level 5 in Dodging
  4007 | Temple   | Entered the Ecumenical Temple
  4712 | D:4      | Reached XP level 7. HP: 40/45 MP: 0/0
  4712 | D:4      | Learned a level 3 spell: Call Canine Familiar
  5350 | D:5      | Entered Level 5 of the Dungeon
  6510 | D:5      | Reached XP level 8. HP: 47/50 MP: 0/0
  6559 | D:5      | Found a white marble altar of Elyvilon.
  6559 | D:5      | Found a shadowy altar of Dithmenos.
  6770 | D:6      | Found a shimmering altar of Xom.
  6806 | D:6      | Found a runed translucent door.
  6806 | D:6      | Noticed banchobear's ghost (novice HuMo)
  6807 | D:6      | Found the +18 shield of the Gong {rElec rN+ Will+ EV-5}
  6871 | D:6      | Found a sparkling altar of Nemelex Xobeh.
  7344 | D:6      | Identified the Guide on the Destructive Birds
  7830 | D:7      | Noticed a yak
  7844 | D:7      | Noticed a yak
  7858 | D:7      | Killed a yak
  7868 | D:7      | Noticed a yak
  7868 | D:7      | Noticed a yak
  7874 | D:7      | Killed a yak
  7876 | D:7      | Killed a yak
  7877 | D:7      | Reached XP level 9. HP: 17/55 MP: 0/0
  7877 | D:7      | Learned a level 3 spell: Gell's Gravitas
  8123 | D:7      | Upgraded the game from 0.27-a0-797-g27d10ad80f to
                  | 0.27-a0-808-g60bc5d92e6
  8679 | D:7      | Noticed a hornet
  8684 | D:7      | Killed a hornet
  9290 | D:8      | Noticed Maurice
  9303 | D:8      | Killed Maurice
  9562 | D:8      | Found a stormy altar of Qazlal.
  9563 | D:8      | Found a snail-covered altar of Cheibriados.
  9563 | D:8      | Found a glowing silver altar of Zin.
  9569 | D:8      | Found a hazy altar of Hepliaklqana.
  9837 | D:8      | Found a burning altar of Makhleb.
  9846 | D:8      | Became a worshipper of Makhleb the Destroyer
  9917 | D:8      | Reached skill level 10 in Spellcasting
 10019 | D:8      | Noticed Joseph
 10033 | D:8      | Killed Joseph
 10034 | D:8      | Reached XP level 10. HP: 19/60 MP: 0/0
 11037 | D:6      | Killed banchobear's ghost
 11173 | D:9      | Reached skill level 1 in Shields
 11939 | D:9      | Reached skill level 10 in Dodging
 12163 | D:9      | Noticed a kobold demonologist
 12178 | D:9      | HP: 3/60 [ice devil[a kobold demonologist] (9)]
 12178 | D:9      | Annihilated by an ice devil

Illustrated notes

Levels and vault maps discovered:
D:1:      eino_arrival_water_cross, layout_basic
D:2:      layout_loops_ring, general_overflow_altar, nicolae_gozag_seed_capital,
          okawaru_altar_gauntlet_db
D:3:      layout_loops_ring, portal_sewer_entry_e, uniq_crazy_yiuf_cottage
D:4:      layout_loops_cross, vehumet_crystals, minmay_temple_entry_waves,
          minmay_starry_boxes
D:5:      layout_loops_corners, gammafunk_temple_overflow_elements
D:6:      layout_rooms, nemelex_altar_shiori, gammafunk_ghost_grave,
          brannock_xom_greatest_gift
D:7:      lemuel_ice_spiral_2, layout_basic, lemuel_zombie_altar_kikubaaqudgha
D:8:      layout_basic, lemuel_coloured_pillars_altar,
          chequers_temple_overflow_statue_of_worship, serial_glass,
          glass_columns_b, glass_columns_b, glass_columns_a,
          minmay_misc_feat_chi, uniq_joseph, uniq_maurice
D:9:      layout_gridville, dancing_weapons_uskayaw, special_room
          [special_room_orc], chequers_big_river
Temple:   jpeg_temple_island

Skill      XL: |  1  2  3  4  5  6  7  8  9 10 |
---------------+-------------------------------+-----
Dodging        | 3 4 5 6 7 9 10 | 10.0
Spellcasting   | 4 5 6 8 10 | 10.9
Shields        | 2 |  2.0
Stealth        | |  1.5

Action                   |  1- 3 |  4- 6 |  7- 9 | 10-12 || total
-------------------------+-------+-------+-------+-------++-------
Melee: Unarmed           |     2 |       |       |       ||     2
       Dagger            |    15 |    11 |       |       ||    26
       Mace              |       |     9 |    74 |       ||    83
 Cast: Freeze            |    44 |    81 |   105 |    27 ||   257
       Foxfire           |       |     3 |    40 |    29 ||    72
       Frozen Ramparts   |       |     1 |    15 |    11 ||    27
       Slow              |       |     1 |       |       ||     1
       Ozocubu's Armour  |       |       |     9 |     5 ||    14
       Call Canine Famil |       |       |     2 |     4 ||     6
       Summon Ice Beast  |       |       |     2 |       ||     2
       Hailstorm         |       |       |       |     3 ||     3
  Use: Scroll            |     2 |     7 |     7 |     3 ||    19
 Stab: Sleeping          |     3 |     1 |     1 |       ||     5
       Distracted        |       |       |     1 |       ||     1
Armor: Robe              |     9 |    22 |    43 |    12 ||    86
       Leather armour    |       |       |       |     8 ||     8
Dodge: Dodged            |    38 |    53 |   124 |    44 ||   259
Block: Buckler           |       |       |       |     7 ||     7

Table legend: (Time is in decaauts)
 A = Elapsed time spent in this place.
 B = Non-inter-level travel time spent in this place.
 C = Inter-level travel time spent in this place.
 D = Time resting spent in this place.
 E = Time spent auto-exploring this place.
 F = Levels seen in this place.
 G = Mean time per level.
                   A        B        C        D        E       F      G
               +--------+--------+--------+--------+--------+-----+--------+
         Total |  12218 |  11661 |    557 |   4658 |   5431 |  10 | 1221.8 |
       Dungeon |  11628 |  11097 |    531 |   4536 |   4989 |   9 | 1292.0 |
        Temple |    590 |    564 |     26 |    122 |    442 |   1 |  590.0 |
               +--------+--------+--------+--------+--------+-----+--------+

Top non-repeatable levels by time:
     D:8: 2246 daAuts
     D:3: 2023 daAuts
     D:7: 1847 daAuts
     D:5: 1452 daAuts
     D:2: 1079 daAuts
     D:6: 848 daAuts
     D:4: 840 daAuts
     D:1: 824 daAuts
  Temple: 590 daAuts
     D:9: 464 daAuts
